 Dungeon Crawl Stone Soup version 0.28-b1-1-g3c77fb2ed1 (webtiles) character file.

Game seed: 15398002850978212820

107 croobank the Magician (level 5, -1/35 HPs)
             Began as a Human Hedge Wizard on Jan 30, 2022.
             Slain by a scorpion (5 damage)
             ... on level 3 of the Dungeon.
             The game lasted 00:11:54 (2435 turns).

croobank the Magician (Human Hedge Wizard)          Turns: 2435, Time: 00:11:55

Health: -1/35      AC:  5    Str: 11    XL:     5   Next: 11%
Magic:  3/10       EV: 12    Int: 16    God:
Gold:   80         SH:  0    Dex: 12    Spells: 2/11 levels left

rFire   + . .      SeeInvis .   a - +1 whip
rCold   . . .      Faith    .   (no shield)
rNeg    . . .      Spirit   .   b - +0 robe
rPois   .          Reflect  .   c - +0 hat
rElec   .          Harm     .   (no cloak)
rCorr   .          Rampage  .   f - +1 pair of gloves
Will    +....                   n - +0 pair of boots
Stlth   ++........              (no amulet)
HPRegen 0.11/turn               k - ring of protection from fire
MPRegen 0.12/turn               l - ring of willpower

@: very slightly contaminated
A: no striking features
a: no special abilities


You were on level 3 of the Dungeon.
You visited 1 branch of the dungeon, and saw 3 of its levels.

You collected 80 gold pieces.

Inventory:

Hand Weapons
 a - a +1 whip (weapon)
 i - a +0 dagger
Missiles
 j - 62 stones
 r - 2 poisoned darts
 s - 15 arrows
Armour
 b - a +0 robe (worn)
 c - a +0 hat (worn)
 f - a +1 pair of gloves (worn)
 g - a +0 leather armour
 m - a +0 plate armour
 n - a +0 pair of boots (worn)
Magical Staves
 o - a staff of earth
Jewellery
 k - a ring of protection from fire (left hand)
 l - a ring of willpower (right hand)
Wands
 t - a wand of mindburst (20)
Potions
 d - 2 potions of curing
 e - a potion of berserk rage {unknown}
 h - a potion of cancellation {unknown}
 p - a potion of magic {unknown}
 q - a potion of ambrosia {unknown}


   Skills:
 + Level 0.3 Fighting
 + Level 0.4 Short Blades
 + Level 0.2 Maces & Flails
 + Level 2.7 Dodging
 + Level 2.3 Stealth
 + Level 3.9 Spellcasting
 + Level 1.9 Conjurations
 + Level 1.0 Summonings
 + Level 1.0 Translocations
 * Level 1.0 Air Magic
 * Level 0.3 Poison Magic


You had 2 spell levels left.
You knew the following spells:

 Your Spells              Type           Power      Damage    Failure   Level
a - Magic Dart            Conj           36%        1d4       8%          1
b - Slow                  Hex            12%        N/A       17%         1
c - Blink                 Tloc           12%        N/A       17%         2
d - Mephitic Cloud        Conj/Pois/Air  6%         N/A       32%         3
e - Call Imp              Summ           6%         N/A       17%         2

Your spell library contained the following spells:

 Spells                   Type           Power      Damage    Failure   Level
 Conjure Flame            Conj/Fire      6%         6-21      34%         3


Dungeon Overview and Level Annotations

Branches:
Dungeon (3/15)

Altars:

Annotations:
D:2 Sigmund


Message History

The scorpion closely misses you.
Casting: Magic Dart (safe; 8% risk of failure)
Confirm with . or Enter, or press ? or * to list all spells.
Aiming: Magic Dart (safe; 8% risk of failure)
Press: ? - help, Shift-Dir - straight line, f/p - scorpion
Aim: a scorpion (heavily wounded, 100% to hit)
The magic dart hits the scorpion.
The scorpion is heavily wounded.
The scorpion stings you!
* * * LOW HITPOINT WARNING * * *
The scorpion barely misses you.
Casting: Magic Dart (safe; 8% risk of failure)
Confirm with . or Enter, or press ? or * to list all spells.
You blink.
A hobgoblin comes into view.
The hobgoblin shouts!
You aren't carrying any scrolls.
You feel better.
You feel stable enough to blink again. The hobgoblin barely misses you.
The hobgoblin hits you but does no damage.
Casting: Blink (safe; 17% risk of failure)
Confirm with . or Enter, or press ? or * to list all spells.
You blink.
The scorpion stings you.
Casting: Blink (safe; 17% risk of failure)
Confirm with . or Enter, or press ? or * to list all spells.
Aiming: Magic Dart (safe; 8% risk of failure)
Press: ? - help, Shift-Dir - straight line, f/p - scorpion
Aim: a scorpion (heavily wounded, 100% to hit)
You miscast Magic Dart.
You are very lightly contaminated with residual magic.
Nothing appears to happen.
The hobgoblin barely misses you. The scorpion stings you!
* * * LOW HITPOINT WARNING * * *
Casting: Magic Dart (safe; 8% risk of failure)
Confirm with . or Enter, or press ? or * to list all spells.
Okay, then.
You feel stable enough to blink again. The scorpion stings you.
You die...

. .... .... .... ##
.....#### .#### .
#.#....# ...... #.
###.####@########......
..
#........s.............
#.##..##....g........##.
.
##........###.######...#
.# #......#### #..#
....... .#
#...###....####...
.###### .# #.
####...#####. .# .#
###..## .#.# .# ##..#
#.#


You could see a scorpion and a hobgoblin.

Vanquished Creatures
  Jessica (D:2)
  Terence (D:2)
  An adder (D:2)
  2 worms (D:2)
  A dart slug (D:2)
  6 ball pythons
  A bat (D:2)
  An endoplasm (D:1)
  2 giant cockroaches (D:1)
  6 goblins
  5 hobgoblins
  3 jackals (D:1)
  3 kobolds
  A quokka (D:1)
  3 frilled lizards (D:1)
37 creatures vanquished.

Notes
Turn   | Place    | Note
-------+----------+-------------------------------------------
     0 | D:1      | croobank the Human Hedge Wizard began the quest for the
                  | Orb.
     0 | D:1      | Reached XP level 1. HP: 13/13 MP: 4/4
    28 | D:1      | Found a faded altar of an unknown god.
   279 | D:1      | Learned a level 1 spell: Slow
   309 | D:1      | Reached XP level 2. HP: 19/19 MP: 3/6
   820 | D:1      | Reached XP level 3. HP: 24/24 MP: 6/8
  1283 | D:2      | Noticed Jessica
  1299 | D:2      | Killed Jessica
  1300 | D:2      | Reached XP level 4. HP: 4/30 MP: 1/9
  1566 | D:2      | Noticed Sigmund
  1603 | D:2      | Learned a level 2 spell: Blink
  1607 | D:2      | Learned a level 3 spell: Mephitic Cloud
  2062 | D:2      | Learned a level 2 spell: Call Imp
  2067 | D:2      | Noticed Terence
  2096 | D:2      | Killed Terence
  2097 | D:2      | Reached skill level 1 in Air Magic
  2097 | D:2      | Reached XP level 5. HP: 27/35 MP: 7/10
  2435 | D:3      | Slain by a scorpion

Illustrated notes

Levels and vault maps discovered:
D:1:      dpeg_arrival_pits, layout_basic, chequers_ecumenical_altar_simple
D:2:      layout_rooms, uniq_terence, uniq_sigmund, uniq_jessica
D:3:      layout_rooms, small_statue_alley_b

Skill      XL: |  1  2  3  4 |
---------------+-------------+-----
Air Magic      | 1 |  1.0
Fighting       | |  0.3
Short Blades   | |  0.4
Maces & Flails | |  0.2
Dodging        | |  2.7
Stealth        | |  2.3
Spellcasting   | |  3.9
Conjurations   | |  1.9
Summonings     | |  1.0
Translocations | |  1.0
Poison Magic   | |  0.3

Action                   |  1- 3 |  4- 6 || total
-------------------------+-------+-------++-------
Melee: Dagger            |    73 |       ||    73
       Whip              |     3 |    77 ||    80
       Punch             |       |     2 ||     2
 Cast: Magic Dart        |    41 |    28 ||    69
       Slow              |     1 |     1 ||     2
       Call Imp          |       |     1 ||     1
       Blink             |       |     2 ||     2
  Use: Scroll            |     4 |       ||     4
       Potion            |       |     2 ||     2
 Stab: Sleeping          |       |     1 ||     1
Armor: Robe              |    23 |    17 ||    40
Dodge: Dodged            |    56 |    50 ||   106
